 Dungeon Crawl Stone Soup version 0.20-a0-501-g0de2c2e (webtiles) character file.

602 Ijustatesigmund the Slasher (level 7, 0/56 HPs)
             Began as a Barachian Fighter on Jan 19, 2017.
             Killed from afar by an orc wizard (9 damage)
             ... with a puff of frost
             ... on level 3 of the Dungeon.
             The game lasted 00:16:49 (4989 turns).

Ijustatesigmund the Slasher (Barachian Fighter)     Turns: 4989, Time: 00:16:50

Health: 0/56       AC: 10    Str: 14    XL:     7   Next: 41%
Magic:  0/7        EV:  4    Int:  7    God:
Gold:   142        SH:  8    Dex: 12    Spells: 6/6 levels left

rFire    . . .     SeeInvis .   a - +1 long sword
rCold    . . .     Gourm    .   d - +0 chain mail
rNeg     . . .     Faith    .   c - +0 shield
rPois    .         Spirit   +   n - +1 hat
rElec    .         Reflect  .   (no cloak)
rCorr    .         Harm     .   (no gloves)
MR       .....                  (no boots)
Stlth    ..........             k - amulet of guardian spirit
Regen    0.2/turn               (no ring)
                                (no ring)

@: lethally poisoned (0 -> 0), can't hop, slow
A: swims, slowness 1, strong legs 1
a: Hop


You were on level 3 of the Dungeon.
You were not hungry.

You visited 1 branch of the dungeon, and saw 4 of its levels.

You collected 142 gold pieces.

Inventory:

Hand Weapons
 a - a +1 long sword (weapon)
Missiles
 p - 4 javelins (quivered)
Armour
 c - a +0 shield (worn)
 d - a +0 chain mail (worn)
 n - a +1 hat (worn)
Jewellery
 k - an amulet of guardian spirit (around neck)
 l - an uncursed ring of fire
Scrolls
 h - a scroll of remove curse
 i - a scroll of identify
 q - a scroll of magic mapping
Potions
 e - a potion of magic
Comestibles
 b - 5 fruits
 f - 3 bread rations
 g - a meat ration


   Skills:
 + Level 5.3 Fighting
 + Level 7.1 Long Blades
 + Level 3.9 Armour
 + Level 1.4 Dodging
 - Level 3.0 Shields


You had 6 spell levels left.
You didn't know any spells.

Dungeon Overview and Level Annotations

Branches:
Dungeon (4/15)
 Temple: D:4-7

Altars:
Cheibriados
Gozag
Kikubaaqudgha
Ru
Trog
Xom


Innate Abilities, Weirdness & Mutations

You can swim through water.
You cover ground slowly.
You can hop short distances.


Message History

2 gnolls come into view.
A gnoll is wielding a halberd of protection.
There is a stone staircase leading up here.
You feel sick.
The gnoll shouts!
You block something's attack. Something hits you.
* * * LOW HITPOINT WARNING * * *
You climb upwards.
There is a stone staircase leading down here.
You hit something. Something hits you but does no damage.
You miss something.
You hear some strange, mumbled words.
A magic dart appears from out of thin air!
The magic dart hits you! Something hits you but does no damage.
Your chain mail prevents you from hitting something.
You feel sick.
You hear some strange, mumbled words.
A puff of frost appears from out of thin air!
The puff of frost hits you!
You die...

###.#.....# #.#
#.....##### #.#
####.###.## #.#
.....###..# #####.#
..........# #.....#
.###......# #.#####
.# #.#.#..#########.#
.###......[......##.#
......#.).######@##.#
.>##..[.).# #{##.#
.###.#....# #.##.#
.###[#....#
#.##.#######
..........#
#..........#
..........#
####.#####.#
.........## #.# #.#
[....#..## #.#####.#
....##..# #.##....#


There were no monsters in sight!

Vanquished Creatures
  Sigmund (D:3)
  The ghost of Duffy the Chopper, an amateur DgFi (D:3)
  A howler monkey (D:4)
  A hound (D:4)
  An orc priest (D:4)
  An orc wizard (D:3)
  Ijyb (D:2)
  A hound skeleton (D:4)
  Robin (D:2)
  3 adders
  2 oozes
  4 worms
  4 dart slugs
  19 orcs
  8 giant cockroaches
  14 goblins
  14 hobgoblins
  3 jackals (D:2)
  4 quokkas
  5 ball pythons
  10 bats
  6 frilled lizards
  8 kobolds
  17 rats
130 creatures vanquished.

Notes
Turn   | Place    | Note
-------+----------+-------------------------------------------
     0 | D:1      | Ijustatesigmund the Barachian Fighter began the quest for the Orb.
     0 | D:1      | Reached XP level 1. HP: 18/18 MP: 1/1
   223 | D:1      | Reached skill level 3 in Long Blades
   223 | D:1      | Reached XP level 2. HP: 24/24 MP: 2/2
   350 | D:1      | Reached XP level 3. HP: 19/29 MP: 3/3
   706 | D:2      | Reached skill level 4 in Long Blades
  1134 | D:2      | Reached XP level 4. HP: 26/35 MP: 4/4
  1449 | D:2      | Noticed Robin
  1463 | D:2      | Reached skill level 5 in Long Blades
  1478 | D:2      | Killed Robin
  1673 | D:2      | Found a shimmering altar of Xom.
  1921 | D:2      | Noticed Ijyb
  1944 | D:2      | Killed Ijyb
  1944 | D:2      | Reached XP level 5. HP: 7/41 MP: 3/5
  1948 | D:2      | HP: 2/41 [poisoned by Ijyb]
  2585 | D:3      | Reached skill level 6 in Long Blades
  3045 | D:3      | Noticed Duffy's ghost (amateur DgFi)
  3332 | D:4      | Found a bloodstained altar of Trog.
  3349 | D:4      | Found an opulent altar of Gozag.
  3350 | D:4      | Found a sacrificial altar of Ru.
  3351 | D:4      | Found a snail-covered altar of Cheibriados.
  3352 | D:4      | Found an ancient bone altar of Kikubaaqudgha.
  3389 | D:4      | Reached XP level 6. HP: 39/48 MP: 3/6
  3446 | D:4      | Noticed a slave
  3509 | D:3      | Noticed Sigmund
  3828 | D:3      | Killed Sigmund
  3828 | D:3      | Reached skill level 5 in Fighting
  4575 | D:3      | Reached XP level 7. HP: 54/56 MP: 7/7
  4598 | D:3      | Killed Duffy's ghost
  4598 | D:3      | Reached skill level 7 in Long Blades
  4598 | D:3      | Reached skill level 1 in Dodging
  4989 | D:3      | Killed from afar by an orc wizard

Vault maps used:
D:1:      dpeg_arrival_shelter, minivault_25, st_stairs_5
D:2:      xom_teletrap_fun, minmay_vboxes, uniq_iyjb, uniq_robin
D:3:      first_bread, uniq_sigmund
D:4:      minitemple, roderic_ancient_swastika, minmay_small_thing, uniq_pikel

Skill      XL: |  1  2  3  4  5  6  7 |
---------------+----------------------+-----
Long Blades    | 3 4 5 6 7 |  7.1
Fighting       | 4 5 |  5.3
Dodging        | 1 |  1.4
Armour         | |  3.9
Shields        | |  3.0

Action                   |  1- 3 |  4- 6 |  7- 9 || total
-------------------------+-------+-------+-------++-------
Melee: Long sword        |   126 |   358 |    47 ||   531
 Abil: Hop               |     1 |     4 |     1 ||     6
  Use: Scroll            |       |     9 |       ||     9
       Potion            |       |     8 |     1 ||     9
  Eat: Chunk             |     1 |     8 |       ||     9
       Pizza             |       |     1 |       ||     1
       Bread ration      |       |     1 |       ||     1
Armor: Scale mail        |    75 |   107 |       ||   182
       Chain mail        |       |    31 |    36 ||    67
Dodge: Dodged            |    52 |    77 |    10 ||   139
Block: Shield            |    69 |   140 |    35 ||   244
       Rpst.: Long sword |    15 |    30 |     5 ||    50
